 Dungeon Crawl Stone Soup version 0.30-a0-918-g0ff054e9dc (webtiles) character file.

Game seed: 10931627823876128116

21 cforsyth the Shield-Bearer (level 3, 0/29 HPs)
             Began as a Human Fighter on Mar 20, 2023.
             Succumbed to a kobold's poison
             ... on level 1 of the Dungeon.
             The game lasted 00:01:06 (274 turns).

cforsyth the Shield-Bearer (Human Fighter)           Turns: 274, Time: 00:01:06

Health: 0/29       AC:  6    Str: 18    XL:     3   Next: 2%
Magic:  3/3        EV:  9    Int:  8    God:
Gold:   28         SH:  4    Dex: 12    Spells: 2/2 levels left

rFire   . . .      SeeInvis .    a - +0 flail (freeze)
rCold   . . .      Faith    .    c - +0 buckler
rNeg    . . .      Spirit   .    b - +0 scale mail
rPois   .          Reflect  .    (no helmet)
rElec   .          Rampage  .    (no cloak)
rCorr   .                        (no gloves)
Will    .....                    (no boots) Stlth
                                 (no amulet)
HPRegen 0.24/turn                (no ring)
MPRegen 0.08/turn                (no ring)

@: brilliant, lethally poisoned (0 -> -2)
A: no striking features
a: no special abilities


You were on level 1 of the Dungeon.
You visited 1 branch of the dungeon, and saw 1 of its levels.

You collected 28 gold pieces.

Inventory:

Hand Weapons
 a - a +0 flail of freezing (weapon)
Armour
 b - a +0 scale mail (worn)
 c - a +0 buckler (worn)
Scrolls
 j - a scroll of amnesia
Potions
 d - a potion of might
 f - a potion of cancellation


   Skills:
 + Level 3.2 Fighting
 + Level 2.3 Maces & Flails
 + Level 3.2 Armour
 + Level 3.2 Shields


You had 2 spell levels left.
You didn't know any spells.
Your spell library was empty.

Dungeon Overview and Level Annotations

Branches:
Dungeon (1/15)

Altars:


Message History

The kobold hits you but does no damage.
You are lethally poisoned!
You closely miss the kobold.
You feel very sick. You block the kobold's attack.
You sock the kobold!
You kill the kobold!
* * * LOW HITPOINT WARNING * * *
You feel very sick.
You sock the kobold!
You kill the kobold!
* * * LOW HITPOINT WARNING * * *
You feel very sick.
You have reached level 3!
Your experience leads to an increase in your attributes!
Increase (S)trength, (I)ntelligence, or (D)exterity?
You feel stronger. x2
It was a potion of cancellation.
You feel magically purged.
* * * LOW HITPOINT WARNING * * *
You feel sick.
It was a potion of brilliance.
You feel clever all of a sudden.
* * * LOW HITPOINT WARNING * * *
You feel sick.
Okay, then.
As you read the scroll labelled YQISEC ISTRU, it crumbles to dust.
It is a scroll of brand weapon.
Your +0 flail is covered with a thin layer of ice!
a - a +0 flail of freezing (weapon)
* * * LOW HITPOINT WARNING * * *
You feel sick.
As you read the scroll labelled AHORCH YTOINO, it crumbles to dust.
It is a scroll of identify.
j - a scroll of amnesia
* * * LOW HITPOINT WARNING * * *
You feel sick.
As you read the scroll labelled XIAMAE FUADO, it crumbles to dust.
The air around you briefly surges with heat, but it dissipates.
It was a scroll of immolation.
You die...

.(...##.....#.#PP.....P♣
####........# ♣~......♣#
#####....# ♣...§...P#
#.>..# ♣.....÷.P
#....###♣P.....P#
#......#♣P#.K..P♣
######.#♣PP..PP♣
#.#####.### #...@)..#
#########


There were no monsters in sight!

Vanquished Creatures
  2 bats (D:1)
  A giant cockroach (D:1)
  2 goblins (D:1)
  2 jackals (D:1)
  A ball python (D:1)
  A frilled lizard (D:1)
  7 kobolds (D:1)
  2 rats (D:1)
18 creatures vanquished.

Vanquished Creatures (others)
  9 plants (D:1)
9 creatures vanquished.

Grand Total: 27 creatures vanquished

Notes
Turn   | Place    | Note
-------+----------+-------------------------------------------
     0 | D:1      | cforsyth the Human Fighter began the quest for the Orb.
     0 | D:1      | Reached XP level 1. HP: 18/18 MP: 1/1
   148 | D:1      | Reached XP level 2. HP: 24/24 MP: 2/2
   270 | D:1      | Reached XP level 3. HP: 5/29 MP: 3/3
   273 | D:1      | HP: 1/29 [poisoned by a kobold]
   274 | D:1      | Succumbed to a kobold's poison

Illustrated notes

Levels and vault maps discovered:
D:1:      matt_arrival_diagonals, layout_rooms,
          dreamdust_ecumenical_altar_sealed_demon, lexackson_kobold_supper

Action                     || total
---------------------------++-------
  Melee: Flail             ||    52
    Use: Scroll            ||     3
         Potion            ||     2
 Armour: Scale mail        ||    37
  Dodge: Dodged            ||    28
  Block: Buckler           ||    10

Table legend: (Time is in decaauts)
 A = Elapsed time spent in this place.
 B = Non-inter-level travel time spent in this place.
 C = Inter-level travel time spent in this place.
 D = Time resting spent in this place.
 E = Time spent auto-exploring this place.
 F = Levels seen in this place.
 G = Mean time per level.
                   A        B        C        D        E       F      G
               +--------+--------+--------+--------+--------+-----+--------+
         Total |    291 |    291 |      0 |      0 |    161 |   1 |  291.0 |
       Dungeon |    291 |    291 |      0 |      0 |    161 |   1 |  291.0 |
               +--------+--------+--------+--------+--------+-----+--------+

Top non-repeatable levels by time:
     D:1: 291 daAuts
